 Dungeon Crawl Stone Soup version 0.25.0-8-gfd19cd77bd (webtiles) character file.

Game seed: 17240591886073711507

735 Descartes the Shield-Bearer (level 8, -7/62 HPs)
             Began as a Formicid Fighter on June 14, 2020.
             Was a Believer of Jiyva.
             Mangled by an orc warrior
             ... wielding a +0 battleaxe
              (12 damage)
             ... on level 5 of the Dungeon on June 16, 2020.
             The game lasted 00:08:59 (5336 turns).

Descartes the Shield-Bearer (Formicid Fighter)      Turns: 5336, Time: 00:09:00

Health: -7/62      AC: 11    Str: 17 (21) XL:     8   Next: 4%
Magic:  10/10      EV:  6    Int:  9 (10) God:    Jiyva [**....]
Gold:   211        SH: 10    Dex:  9 (10) Spells: 7/7 levels left

rFire    . . .     SeeInvis +   z - +0 morningstar (vorpal)
rCold    + . .     Gourm    .   c - +0 kite shield
rNeg     . . .     Faith    .   v - +0 chain mail
rPois    +         Spirit   .   (helmet unavailable)
rElec    .         Reflect  .   k - scarf {+Inv}
rCorr    .         Harm     .   w - +0 pair of gloves
MR       .....                  (no boots)
Stlth    ..........             (no amulet)
HPRegen  0.20/turn              t - ring of poison resistance
MPRegen  0.12/turn              u - ring of protection from cold

@: very slow
A: permanent stasis, dig shafts and tunnels, four strong arms, antennae 3
a: Dig, Shaft Self, Request Jelly, Renounce Religion, Evoke Invisibility


You were on level 5 of the Dungeon.
You worshipped Jiyva.
Jiyva was pleased with you.
You were not hungry.

You visited 2 branches of the dungeon, and saw 7 of its levels.

You collected 211 gold pieces.

Inventory:

Hand Weapons
 a - a +0 war axe
 z - a +0 vorpal morningstar (weapon)
Missiles
 e - 199 stones (quivered)
 i - 26 poisoned darts
 q - 56 arrows
Armour
 c - a +0 kite shield (worn)
 k - a scarf of invisibility (worn)
 v - a +0 chain mail (worn)
 w - a +0 pair of gloves (worn)
 x - a +0 pair of boots
Jewellery
 t - a ring of poison resistance (left hand)
 u - a ring of protection from cold (right hand)
Scrolls
 h - 3 scrolls of teleportation {unknown}
 m - 2 scrolls of blinking {unknown}
 n - a scroll of noise {unknown}
 p - 5 scrolls of remove curse {unknown}
 r - 2 scrolls of identify {unknown}
 s - 2 scrolls of fog {unknown}
 y - a scroll of enchant weapon {unknown}
Potions
 d - 2 potions of might
 g - a potion of curing {unknown}
 j - 2 potions of flight {unknown}
 l - a potion of magic {unknown}
 o - a potion of stabbing {unknown}
Comestibles
 f - 12 rations


   Skills:
 + Level 5.2 Fighting
 - Level 2.0 Axes
 + Level 5.2 Armour
 * Level 7.4 Shields
 + Level 3.4 Evocations


You had 7 spell levels left.
You didn't know any spells.
Your spell library was empty.

Dungeon Overview and Level Annotations

Branches:
Dungeon (6/15)             Temple (1/1) D:4

Altars:
Ashenzari
Cheibriados
Dithmenos
Elyvilon
Fedhas
Gozag
Hepliaklqana
Kikubaaqudgha
Makhleb
Nemelex Xobeh
Okawaru
Qazlal
Ru
Sif Muna
Uskayaw
Vehumet
Xom
Yredelemnul
Zin
The Shining One
Jiyva

Annotations:
D:4 Grinder
D:5 Edmund
D:6 Blork the orc


Innate Abilities, Weirdness & Mutations

You cannot be hasted, slowed, berserked, paralysed or teleported.
You can dig through walls and to a lower floor.
Your four strong arms can wield two-handed weapons with a shield.
You have a pair of large antennae on your head. (SInv)


Message History

Edmund hits you but does no damage.
Blork the orc hits you but does no damage.
You climb upwards.
There is a stone staircase leading down here.
You are too injured to fight recklessly!
You are too injured to fight recklessly!
You are too injured to fight recklessly!
Unknown command.
Edmund hits you with a +1 vorpal dire flail!
You block the orc warrior's attack. The orc warrior completely misses you.
You block the orc warrior's attack. You block Edmund's attack.
You block the orc warrior's attack.
You barely miss the orc warrior. You completely miss the orc warrior.
The orc warrior hits you with a +0 battleaxe!
* * * LOW HITPOINT WARNING * * *
The orc warrior hits you with a cursed -2 mace!
* * * LOW HITPOINT WARNING * * *
The orc warrior hits you with a +0 battleaxe!
You die...

.# #............# .#
#.#.########.###### .# #.#.#
#........# .###### #.#.#
#.#.####.# ......# #.#.# #.###
#.# ....#.# #.#.# #.# #.#
.##.#.# #.#.######.######.#
.##.#)# #..............##.####
.##.#.# ###.#...@o...........#
.##.#.# #^#....o........##.#
.##.#.# #.#.####.###.#####.#
.##.#.#####.#.....@..#.# #.#
......................># #.#
###.#.#####.#..........# #.#
#.#.### #.#.###...##.# #.#
#.#...# #.#..........# #.#
###J#...###.###.#...#..#####.#


You could see Edmund and 2 orc warriors.

Vanquished Creatures
  Sigmund (D:5)
  An ogre (D:4)
  2 crimson imps
  2 orc wizards
  An orc priest (D:5)
  3 hounds
  4 worker ants
  A gnoll (D:1)
  7 adders
  A white imp (D:4)
  2 adder skeletons
  4 worms
  6 leopard geckos
  6 orcs
  A giant cockroach (D:1)
  7 goblins
  11 hobgoblins
  2 jackals (D:5)
  3 kobolds
  A quokka (D:2)
  4 bats
  5 frilled lizards
  8 rats
83 creatures vanquished.

Vanquished Creatures (others)
  An orc wizard (D:5)
  A worker ant (D:5)
  A shadow imp (D:5)
  4 orcs (D:5)
  2 jackals (D:5)
  A quokka (D:5)
10 creatures vanquished.

Grand Total: 93 creatures vanquished

Notes
Turn   | Place    | Note
-------+----------+-------------------------------------------
     0 | D:1      | Descartes the Formicid Fighter began the quest for the Orb.
     0 | D:1      | Reached XP level 1. HP: 18/18 MP: 1/1
     0 | D:1      | Upgraded the game from 0.25.0-1-g7eea58d2a3 to
                  | 0.25.0-8-gfd19cd77bd
   253 | D:1      | Reached XP level 2. HP: 24/24 MP: 2/2
   259 | D:1      | Reached skill level 4 in Shields
   351 | D:1      | Reached XP level 3. HP: 29/29 MP: 3/3
  1379 | D:2      | Reached XP level 4. HP: 37/37 MP: 4/4
  1445 | D:2      | Found a burning altar of Makhleb.
  1483 | D:2      | Found a white marble altar of Elyvilon.
  1801 | D:2      | Found a snail-covered altar of Cheibriados.
  1888 | D:2      | Became a worshipper of Cheibriados the Contemplative
  2042 | D:3      | Reached skill level 5 in Shields
  2602 | D:3      | Reached skill level 1 in Evocations
  2617 | D:3      | Reached XP level 5. HP: 34/42 MP: 5/5
  2857 | D:3      | Found a glowing silver altar of Zin.
  2857 | D:3      | Found a sparkling altar of Nemelex Xobeh.
  2902 | D:3      | Found a faded altar of an unknown god.
  2902 | D:3      | Found a blossoming altar of Fedhas.
  2907 | D:3      | Found a shimmering altar of Xom.
  2909 | D:3      | Found an ancient bone altar of Kikubaaqudgha.
  2911 | D:3      | Found a faded altar of an unknown god.
  3166 | D:4      | Noticed Grinder
  3304 | D:4      | Reached * piety under Cheibriados
  3417 | D:4      | Reached XP level 6. HP: 36/48 MP: 7/7
  3421 | D:4      | Noticed an ogre
  3436 | D:4      | Killed an ogre
  3436 | D:4      | Reached skill level 6 in Shields
  3743 | D:4      | Reached XP level 7. HP: 52/55 MP: 8/8
  3795 | D:4      | Found a staircase to the Ecumenical Temple.
  3805 | D:4      | Found a sacrificial altar of Ru.
  3887 | D:4      | Found an opulent altar of Gozag.
  4176 | Temple   | Entered the Ecumenical Temple
  4289 | Temple   | Fell from the grace of Cheibriados
  4289 | Temple   | Became a worshipper of Jiyva Jezxel the Shapeless
  4340 | D:5      | Entered Level 5 of the Dungeon
  4489 | D:5      | Reached * piety under Jiyva
  4635 | D:5      | Reached ** piety under Jiyva
  4756 | D:5      | Noticed Sigmund
  4779 | D:5      | Killed Sigmund
  4779 | D:5      | Reached skill level 5 in Fighting
  4779 | D:5      | Reached skill level 5 in Armour
  4779 | D:5      | Reached skill level 7 in Shields
  5054 | D:5      | Reached XP level 8. HP: 62/62 MP: 10/10
  5061 | D:5      | Found a hide-covered altar of Uskayaw.
  5316 | D:6      | Noticed Blork the orc
  5318 | D:6      | Noticed Edmund
  5336 | D:5      | Mangled by an orc warrior

Illustrated notes

Levels and vault maps discovered:
D:1:      shiori_arrival_elements, layout_basic
D:2:      layout_rooms, lemuel_coloured_pillars_altar, lightli_temple_of_fire,
          first_ration, st_stairs_12, elyvilon_altar_4
D:3:      layout_loops_ring, chequers_temple_overflow_minitemple,
          gammafunk_temple_overflow_wave, grunt_decor_fettered
D:4:      layout_basic, kennysheep_little_box, nicolae_ru_path_of_blood,
          minmay_temple_entry_trees, minmay_fire_ice_demons, uniq_grinder
D:5:      layout_basic, nicolae_overflow_crystal_walls, uniq_sigmund
D:6:      layout_loops_cross, grunt_decor_one_mirror, uniq_edmund, uniq_pikel,
          uniq_blork_the_orc
Temple:   pf_slime_end_temple

Skill      XL: |  1  2  3  4  5  6  7 |
---------------+----------------------+-----
Shields        | 4 5 6 7 |  7.4
Fighting       | 4 5 |  5.2
Evocations     | 1 2 3 |  3.4
Armour         | 4 5 |  5.2
Axes           | |  2.0

Action                   |  1- 3 |  4- 6 |  7- 9 || total
-------------------------+-------+-------+-------++-------
Melee: War axe           |   108 |   164 |    48 ||   320
       Morningstar       |       |       |    44 ||    44
 Abil: Dig               |     1 |       |       ||     1
  Eat: Chunk             |     2 |     7 |     5 ||    14
Armor: Scale mail        |    45 |    64 |     7 ||   116
       Chain mail        |       |       |    45 ||    45
Dodge: Dodged            |    36 |    66 |    32 ||   134
Block: Kite shield       |    50 |    91 |    75 ||   216
